 Dungeon Crawl Stone Soup version 0.28.0-53-g5a82cb258f (webtiles) character file.

Game seed: 2196164334182761471

294 DocClef the Spear-Bearer (level 6, -1/44 HPs)
             Began as a Merfolk Gladiator on July 1, 2022.
             Killed by divine providence
             ... invoked by an orc priest
              (10 damage)
             ... on level 4 of the Dungeon.
             The game lasted 00:03:36 (4271 turns).

DocClef the Spear-Bearer (Merfolk Gladiator)        Turns: 4271, Time: 00:03:36

Health: -1/44      AC: 11    Str: 16    XL:     6   Next: 33%
Magic:  6/6        EV:  8    Int:  8    God:
Gold:   180        SH:  0    Dex: 15    Spells: 5/5 levels left

rFire   . . .      SeeInvis .   a - +0 trident
rCold   . . .      Faith    .   (no shield)
rNeg    . . .      Spirit   .   m - +0 chain mail
rPois   .          Reflect  .   c - +0 helmet
rElec   .          Harm     .   (no cloak)
rCorr   .          Rampage  .   (no gloves)
Will    .....                   (no boots)
Stlth   ..........              (no amulet)
HPRegen 0.14/turn               (no ring)
MPRegen 0.10/turn               (no ring)

@: no status effects
A: (nimble swimmer 2), mertail, iridescent scales 1, subdued magic 2
a: no special abilities


You were on level 4 of the Dungeon.
You visited 1 branch of the dungeon, and saw 4 of its levels.

You collected 180 gold pieces.

Inventory:

Hand Weapons
 a - a +0 trident (weapon)
Missiles
 d - 3 throwing nets (quivered)
Armour
 b - a +0 leather armour
 c - a +0 helmet (worn)
 m - a +0 chain mail (worn)
Jewellery
 h - a ring of protection from fire
Scrolls
 e - a scroll of noise {unknown}
 g - a scroll of amnesia {unknown}
 i - a scroll of summoning {unknown}
 j - 2 scrolls of identify {unknown}
 l - a scroll of fear {unknown}
 n - a scroll of blinking {unknown}
 o - a scroll of fog {unknown}


   Skills:
 - Level 2.1 Fighting
 + Level 10.0 Polearms
 - Level 2.0 Throwing
 - Level 4.0 Dodging


You had 5 spell levels left.
You didn't know any spells.
Your spell library contained the following spells:

 Spells                   Type           Power      Damage    Failure   Level
 Animate Skeleton         Necr           0%         N/A       100%        1
 Apportation              Tloc           0%         N/A       100%        1
 Summon Small Mammal      Summ           0%         N/A       100%        1
 Corpse Rot               Necr/Air       0%         N/A       100%        2
 Conjure Flame            Conj/Fire      0%         6-21      100%        3
 Ignite Poison            Fire/Tmut/Pois 0%         N/A       100%        3
 Dispel Undead            Necr           0%         3d6       100%        4
 Sticky Flame             Conj/Fire      0%         2d3       100%        4
 Death Channel            Necr           0%         N/A       100%        6


Dungeon Overview and Level Annotations

Branches:
Dungeon (4/15)
 Temple: D:4-7

Altars:


Innate Abilities, Weirdness & Mutations

((You are very nimble when in or above water. (Stealth+, EV+, Speed+++)))
Your lower body shifts to a powerful aquatic tail in water.
You are partially covered in iridescent scales. (AC +2)
Your spells are easier to cast, but less powerful.


Message History

You see here a +0 club.
The orc shouts!
The orc shouts!
The orc wizard shouts!
You reach to attack!
The orc wizard shouts!
You puncture the orc!
You kill the orc!
Your Polearms skill increases to level 10!
The orc wizard gestures wildly while chanting.
The orc wizard flickers and vanishes!
Deactivating autopickup; reactivate with Ctrl-A.
The orc wizard points at you and mumbles some strange words.
You resist with some effort.
The orc priest shouts!
You reach to attack!
You barely miss the orc wizard. Something hits you but does no damage.
You hit the orc wizard but do no damage.
The orc closely misses you.
The orc wizard hits you but does no damage.
You hit the orc wizard but do no damage.
You hear some strange, mumbled words.
A puff of flame appears from out of thin air!
The puff of flame hits you. The orc hits you with a +0 flail!
The orc wizard gestures at you while chanting.
You resist with some effort.
The orc priest mumbles some strange prayers to Beogh against you.
Beogh smites you! Something hits you but does no damage.
The orc wizard mumbles some strange words.
The orc wizard flickers and vanishes!
A magic dart appears from out of thin air!
The magic dart hits something!
A magic dart appears from out of thin air!
The magic dart hits you.
The orc priest invokes the aid of Beogh against you.
Pain shoots through your body!
* * * LOW HITPOINT WARNING * * *
The orc priest calls down the wrath of Beogh upon you.
Beogh smites you!
You die...

.#..#.................# #..#
.#..#.................########...
##..#.................##....##...
##..#.............o...#.........#
##..#.................#.....##..#
.'..#............o....#.....#####
.#..#.................#......#
##..#.................#......#
##..#...........@.....##....##
....#.................##.o..##
.ยง..#...........<.........<..#
....#........................#
######.###.##..#####..##..#..#
##########.######.##..########
...'....)...#.....'....#
.(.#....#...'.....#....##
#.#######..####..###....#


You could see an orc priest and an orc.

Vanquished Creatures
  2 scorpions (D:3)
  A hound (D:4)
  3 gnolls (D:3)
  4 adders
  An ufetubus (D:4)
  2 worms
  A dart slug (D:2)
  3 orcs
  9 ball pythons
  4 endoplasms
  6 goblins
  2 hobgoblins
  5 jackals
  4 quokkas
  3 bats
  6 frilled lizards
  6 kobolds
  4 rats
  A spectral goblin (D:3)
67 creatures vanquished.

Vanquished Creatures (others)
  2 plants (D:1)
2 creatures vanquished.

Grand Total: 69 creatures vanquished

Notes
Turn   | Place    | Note
-------+----------+-------------------------------------------
     0 | D:1      | DocClef the Merfolk Gladiator began the quest for the Orb.
     0 | D:1      | Reached XP level 1. HP: 16/16 MP: 1/1
    71 | D:1      | Reached skill level 5 in Polearms
   167 | D:1      | Reached XP level 2. HP: 11/22 MP: 2/2
  1011 | D:2      | Reached skill level 6 in Polearms
  1011 | D:2      | Reached XP level 3. HP: 27/27 MP: 3/3
  1677 | D:3      | Reached XP level 4. HP: 12/33 MP: 4/4
  2017 | D:3      | Reached skill level 7 in Polearms
  2202 | D:3      | Found a faded altar of an unknown god.
  2221 | D:3      | Noticed a scorpion
  2232 | D:3      | Killed a scorpion
  2233 | D:3      | Reached skill level 8 in Polearms
  2233 | D:3      | Reached XP level 5. HP: 20/38 MP: 5/5
  2987 | D:3      | Reached skill level 9 in Polearms
  2987 | D:3      | Reached XP level 6. HP: 7/44 MP: 6/6
  2990 | D:3      | HP: 2/44 [adder (1)]
  3392 | D:4      | Noticed an orc warrior
  3973 | D:4      | Gained mutation: Your spells are a little easier to cast,
                  | but a little less powerful. [potion of mutation]
  3973 | D:4      | Gained mutation: Your spells are easier to cast, but less
                  | powerful. [potion of mutation]
  3973 | D:4      | Gained mutation: You are partially covered in iridescent
                  | scales. (AC +2) [potion of mutation]
  4259 | D:4      | Reached skill level 10 in Polearms
  4271 | D:4      | Killed from afar by an orc priest

Illustrated notes

Levels and vault maps discovered:
D:1:      dpeg_arrival_tiny_a, layout_basic, serial_bayou_lagoon_a, st_stairs_12
D:2:      layout_rooms
D:3:      layout_basic, dreamdust_ecumenical_altar_drowned_temple
D:4:      layout_gridville, minmay_temple_entry_junction_2,
          nicolae_elevator_lobby_asterisk

Skill      XL: |  1  2  3  4  5  6 |
---------------+-------------------+-----
Polearms       | 5 6 8 9 10 | 10.0
Fighting       | |  2.1
Throwing       | |  2.0
Dodging        | |  4.0

Action                   |  1- 3 |  4- 6 || total
-------------------------+-------+-------++-------
Melee: Trident           |   123 |   136 ||   259
       Punch             |       |     2 ||     2
  Use: Potion            |       |     7 ||     7
Armor: Leather armour    |    18 |    12 ||    30
       Chain mail        |       |    27 ||    27
Dodge: Dodged            |    73 |    77 ||   150
